 Dungeon Crawl Stone Soup version 0.28.0-45-g0d030f2227 (webtiles) character file.

Game seed: 6456763644509793448

48 issech the Cudgeller (level 3, -1/36 HPs)
             Began as a Troll Monk on Apr 17, 2022.
             Slain by Robin
             ... wielding a +0 mace
              (7 damage)
             ... on level 2 of the Dungeon.
             The game lasted 00:03:12 (1024 turns).

issech the Cudgeller (Troll Monk)                   Turns: 1024, Time: 00:03:13

Health: -1/36      AC:  4    Str: 19    XL:     3   Next: 50%
Magic:  2/2        EV: 10    Int:  6    God:
Gold:   22         SH:  0    Dex: 14    Spells: 2/2 levels left

rFire   . . .      SeeInvis .   a - +0 mace
rCold   . . .      Faith    .   (no shield)
rNeg    . . .      Spirit   .   b - +0 robe
rPois   .          Reflect  .   (helmet restricted)
rElec   .          Harm     .   (no cloak)
rCorr   .          Rampage  .   (gloves unavailable)
Will    .....                   (boots unavailable)
Stlth   ++........              (no amulet)
HPRegen 0.92/turn               (no ring)
MPRegen 0.08/turn               (no ring)

@: no status effects
A: large, unfitting armour, claws 3, regeneration 1, shaggy fur 1, tough skin 1
a: no special abilities


You were on level 2 of the Dungeon.
You visited 1 branch of the dungeon, and saw 2 of its levels.

You collected 22 gold pieces.

Inventory:

Hand Weapons
 a - a +0 mace (weapon)
Missiles
 c - 27 sling bullets
 d - 51 stones (quivered)
Armour
 b - a +0 robe (worn)
Wands
 f - a wand of acid (7)
Scrolls
 e - a scroll of noise {unknown}


   Skills:
 + Level 2.7 Fighting
 + Level 3.2 Maces & Flails
 + Level 0.1 Throwing
 + Level 2.9 Dodging
 + Level 1.2 Stealth


You had 2 spell levels left.
You didn't know any spells.
Your spell library contained the following spells:

 Spells                   Type           Power      Damage    Failure   Level
 Call Canine Familiar     Summ           0%         N/A       83%         3
 Portal Projectile        Hex/Tloc       0%         N/A       83%         3
 Leda's Liquefaction      Hex/Erth       0%         N/A       99%         4


Dungeon Overview and Level Annotations

Branches:
Dungeon (2/15)

Altars:

Annotations:
D:2 Robin


Innate Abilities, Weirdness & Mutations

You are too large for most types of armour.
You have claws for hands.
Your natural rate of healing is unusually fast.
You are covered in fur. (AC +1)
You have tough skin. (AC +1)


Message History

You hit the goblin.
You kill the goblin!
The goblin barely misses you. The hobgoblin hits you.
The goblin hits you with a +0 dagger. The goblin hits you with a +0 dagger.
Items here: ( ))) ††.
You thump the hobgoblin!
You kill the hobgoblin!
You closely miss the goblin. The goblin barely misses you.
You hit the goblin.
You kill the goblin!
You closely miss the goblin.
The hobgoblin no longer looks unusually strong.
The goblin hits you with a +0 dagger.
You hit the goblin.
You kill the goblin!
The hobgoblin hits you.
Robin roars a battlecry!
The hobgoblin goes into a battle-frenzy!
Items here: ( ))))) ††.
Unknown command.
Unknown command.
Unknown command.
Unknown command.
Unknown command.
You hit Robin but do no damage.
The goblin no longer looks unusually strong.
The hobgoblin hits you. Robin hits you with a +0 mace.
* * * LOW HITPOINT WARNING * * *
The hobgoblin hits you but does no damage.
You closely miss Robin. Robin barely misses you.
The hobgoblin closely misses you.
You hit Robin but do no damage. Robin hits you with a +0 mace.
The hobgoblin barely misses you.
You closely miss Robin. Robin hits you with a +0 mace!
* * * LOW HITPOINT WARNING * * *
You hit Robin.
Robin is moderately wounded.
Robin hits you with a +0 mace!
You die...

... #. # .. # #... + #...
# ###..## ## #####
#.....#####. #g@g# #.#
#....... #g#.####.#
#......#
#)#...##.###......#
#.##...#.......†..#
#####)##...#..........#
##.#.....##..............#
.........##..............#
##...##.####.#......######
### #..g.#...######


You could see Robin, a hobgoblin (strong) and a goblin.

Vanquished Creatures
  An adder (D:2)
  2 endoplasms (D:1)
  A giant cockroach (D:1)
  10 goblins
  3 hobgoblins
  8 kobolds (D:1)
  2 quokkas (D:1)
  3 bats (D:1)
  3 frilled lizards
  3 rats
36 creatures vanquished.

Notes
Turn   | Place    | Note
-------+----------+-------------------------------------------
     0 | D:1      | issech the Troll Monk began the quest for the Orb.
     0 | D:1      | Reached XP level 1. HP: 22/22 MP: 0/0
   178 | D:1      | Reached XP level 2. HP: 29/29 MP: 1/1
   367 | D:1      | Reached skill level 3 in Maces & Flails
   926 | D:2      | Reached XP level 3. HP: 36/36 MP: 2/2
   985 | D:2      | Noticed Robin
  1024 | D:2      | Slain by Robin

Illustrated notes

Levels and vault maps discovered:
D:1:      nicolae_arrival_washed_ashore, layout_loops_cross,
          hangedman_abyss_or_decor_lesser_grid, hex_large
D:2:      layout_basic, st_stairs_3, kennysheep_jessica_study, uniq_robin

Skill      XL: |  1  2 |
---------------+-------+-----
Maces & Flails | 3 |  3.2
Fighting       | |  2.7
Throwing       | |  0.1
Dodging        | |  2.9
Stealth        | |  1.2

Action                   || total
-------------------------++-------
Melee: Mace              ||    97
Throw: Stone             ||    22
 Stab: Sleeping          ||     3
Armor: Robe              ||    42
Dodge: Dodged            ||    60
